[Event "FIDE World School-ch O-15 2025"]
[Site "Vrnjacka Banja"]
[Date "2025.03.22"]
[Round "3.1"]
[White "Scheglov, Gleb"]
[Black "Ashikmamutov, Saidkhon"]
[Result "1-0"]
[Annotator "TA"]
[ECO "E09"]
[WhiteElo "2306"]
[BlackElo "1978"]
[PlyCount "75"]
[EventDate "2025.03.19"]
[EventType "swiss"]
[EventCountry "SRB"]
[SourceTitle "playchess.com"]
[Source "ChessBase"]
[SourceQuality "1"]
[TimeControl "5400+30"]

1. Nf3 d5 2. g3 Nf6 3. Bg2 c6 4. O-O e6 5. d4 Nbd7 6. Nbd2 Be7 7. c4 O-O 8. Qc2 b6 9. b3 Ba6 10. Bb2 Rc8 11. Rac1 c5 {[%emt 0:01:50] E09: Closed Catalan: Main Line: 7 Qc2 c6 8 Nbd2.} 12. Qb1 b5 13. dxc5 Bxc5 $146 {[%emt 0:09:33] [#]} (13... bxc4 $11 {remains equal.} 14. b4 Bb7) (13... Nxc5 14. b4 Na4 15. c5 Nxb2 16. Qxb2 Bb7 17. Nd4 Qd7 18. N2f3 a6 19. c6 Qc7 20. cxb7 Qxb7 {1-0 Chung,M (2001)-Bartels,K (1643) FRA-ch U16 Girls 2015 (3)}) 14. b4 $1 $16 Be7 15. c5 Nb8 16. Ne5 Bb7 17. Nb3 Ne8 18. e4 {[%emt 0:07:08] White is much more active.} ({White should try} 18. Rfd1) 18... f6 (18... dxe4 $16 {is a better defense.} 19. Bxe4 Bxe4 20. Qxe4 Nf6) 19. Nd3 $18 e5 20. Na5 Ba8 21. Rcd1 {[%emt 0:04:19] and exd5 should not be overlooked} d4 22. f4 Qc7 {[%emt 0:02:15] [#]} (22... Nd7 $142 23. Qc2 Kh8 (23... Nxc5 $2 24. Nxc5 Bxc5 25. bxc5 $16)) 23. a4 $1 a6 (23... bxa4 24. Qa2+) 24. axb5 axb5 25. fxe5 fxe5 26. Qa2+ Kh8 27. Rxf8+ Bxf8 28. Qe6 Nd7 (28... Nf6 $142 29. Qxe5 (29. Nxe5 Re8 $18) 29... Bxe4 30. Qxc7 (30. Bxe4 Qxe5 31. Nxe5 Nxe4 $18) 30... Rxc7 31. Bxe4 (31. Bxd4 Bxg2 32. Kxg2 Nd5 $18) 31... Nxe4) 29. c6 Ndf6 (29... Bxc6 $142 30. Rc1 Qd6 31. Qxd6 (31. Rxc6 Rxc6 32. Qxe8 Rc2 $11) 31... Bxd6 32. Rxc6 (32. Nxc6 Nef6 $18) 32... Rb8) 30. Nxe5 ({Not} 30. Qxe5 Qxe5 31. Nxe5 Bxb4 $18) 30... Nd6 {[%emt 0:00:20] Dodges Nf7+} 31. Bxd4 ({Stronger than} 31. Rxd4 Re8 32. Qb3 Rxe5 $15) 31... Re8 32. Qh3 Ndxe4 33. Bxe4 Nxe4 34. Ng6+ {[%emt 0:00:06] A dynamic duo of knights.} Kg8 35. Nxf8 Kxf8 {[%emt 0:01:18] Black is weak on the dark squares} 36. Qxh7 {[%emt 0:00:00] White mates.} Qf7 37. Rf1 Nf6 {[%emt 0:00:01] [#]} 38. Rxf6 $1 {[%emt 0:00:00] White took control after the opening.   Weighted Error Value: White=0.08 (flawless) /Black=0.83  Mistake:       	White=1     	Black=5      Inaccurate:     	---       	Black=1      OK:         	White=9     	Black=4      Best:        	White=1     	Black=1      Brilliant:      	White=1     	---} 1-0

[Event "FIDE World School-ch O-15 2025"]
[Site "Vrnjacka Banja"]
[Date "2025.03.22"]
[Round "3.2"]
[White "Qusaiyn, Altynbek"]
[Black "Tabatadze, Erekle"]
[Result "0-1"]
[Annotator "TA"]
[ECO "B07"]
[WhiteElo "1972"]
[BlackElo "2180"]
[PlyCount "74"]
[EventDate "2025.03.19"]
[EventType "swiss"]
[EventCountry "SRB"]
[SourceTitle "playchess.com"]
[Source "ChessBase"]
[SourceQuality "1"]
[TimeControl "5400+30"]

1. e4 d6 2. d4 Nf6 3. Bd3 e5 4. c3 d5 5. dxe5 Nxe4 6. Nf3 Nc6 7. h3 {[%emt 0:14:39] B07: Pirc Defence: Miscellaneous Systems.} Be7 (7... Bc5 8. O-O Bf5 9. b4 Bb6) 8. Be3 Bf5 9. Qc2 {[%emt 0:03:30] White is slightly better.} O-O 10. Nbd2 $146 (10. g4 Bg6 11. h4 h5 12. g5 Qd7 13. Nbd2 Qf5 14. O-O-O Nxe5 15. Nd4 Nxd3+ 16. Qxd3 {½-½ Vasiljev,J (2036)-Kretzschmar,M (2074) Niederrhein-ch 2018 (4.6)}) 10... Nxd2 11. Qxd2 Be4 12. Bf4 (12. Qc2 $14) 12... Qc8 (12... f6 {with more complications.} 13. Nd4 Bxd3 14. Qxd3 fxe5 15. Ne6 Qc8) 13. Bxe4 dxe4 14. Nd4 Nxd4 15. cxd4 Rd8 16. O-O Rd5 17. Be3 (17. Qc2 $11) 17... c5 $1 $15 18. Rac1 {[%emt 0:00:46] Black converts the advantage convincingly.} ({White should play} 18. Qc3 $15) 18... Qd7 $17 19. Qe2 (19. Bf4 $17) 19... cxd4 $19 20. Bf4 Qf5 21. Qd2 Bc5 22. g4 Qg6 23. Rfe1 Rad8 24. Rcd1 h5 25. Qe2 (25. Bg3 $142) 25... Bb4 26. Rf1 d3 27. Qe3 hxg4 28. Bg5 $2 {[%emt 0:01:00] [#]} (28. Qg3) 28... gxh3 {[%emt 0:00:59] Black is clearly winning.} 29. Kh2 f6 30. Rg1 fxg5 31. Rxg5 Qf7 {[%emt 0:00:53] [#]} 32. Rdg1 Bf8 {[%emt 0:00:14] ...d2 would now be deadly.} 33. Qxe4 Rd4 34. Qe3 Qf4+ ({Not} 34... Qxa2 35. e6 $17) 35. Qxf4 Rxf4 36. e6 Rxf2+ 37. Kxh3 Re2 {[%emt 0:00:11] Weighted Error Value: White=0.98/Black=0.53  Mistake:       	White=6     	---        Inaccurate:     	White=1     	Black=2      OK:         	White=5     	Black=9      Best:        	---       	Black=3      Strong:       	---       	Black=1} 0-1

[Event "FIDE World School-ch O-15 2025"]
[Site "Vrnjacka Banja"]
[Date "2025.03.22"]
[Round "3.3"]
[White "Kabinazar, Nurmukhammed"]
[Black "Blagoveshchenskiy, Roman"]
[Result "1-0"]
[Annotator "NA RC"]
[ECO "C05"]
[WhiteElo "2057"]
[BlackElo "1910"]
[PlyCount "93"]
[EventDate "2025.03.19"]
[EventType "swiss"]
[EventCountry "SRB"]
[SourceTitle "playchess.com"]
[Source "ChessBase"]
[SourceQuality "1"]
[TimeControl "5400+30"]

1. e4 e6 2. d4 d5 3. Nd2 Nf6 4. e5 Nfd7 5. c3 c5 6. f4 Nc6 7. Ndf3 Qb6 8. h4 cxd4 9. cxd4 Bb4+ 10. Kf2 f6 11. Be3 a5 12. a4 O-O 13. Bb5 Ne7 $14 14. g4 h5 15. gxh5 Nf5 16. Qd3 Be7 17. Kg2 Nb8 18. Ne2 Nc6 19. Bf2 Bd7 20. Ng3 fxe5 21. dxe5 Bc5 22. Bxc5 Qxc5 23. Nxf5 Rxf5 24. Ng5 Rc8 25. Rac1 Qb4 26. Rhf1 Rcf8 27. Kg3 g6 28. Rf2 gxh5 29. Bxc6 bxc6 30. Qf3 Rxf4 31. Qxh5 Rg4+ 32. Qxg4 Qxg4+ 33. Kxg4 Rxf2 34. Rc5 d4 35. Rxa5 Be8 36. Ra8 Kf8 37. Ne4 Rf5 38. Nd6 Rxe5 39. Rxe8+ Kg7 40. Nc4 Re2 41. Kf3 Rc2 42. b3 c5 43. Rxe6 Rc3+ 44. Ke4 Rxb3 45. a5 Rc3 46. Kd5 d3 47. Kxc5 1-0

[Event "FIDE World School-ch O-15 2025"]
[Site "Vrnjacka Banja"]
[Date "2025.03.22"]
[Round "3.4"]
[White "Mane, Arnav"]
[Black "Harabor, David-Alexandru"]
[Result "1/2-1/2"]
[Annotator "NA RC"]
[ECO "B51"]
[WhiteElo "1748"]
[BlackElo "1989"]
[PlyCount "35"]
[EventDate "2025.03.19"]
[EventType "swiss"]
[EventCountry "SRB"]
[SourceTitle "playchess.com"]
[Source "ChessBase"]
[SourceQuality "1"]
[TimeControl "5400+30"]

1. e4 c5 2. Nf3 d6 3. Bb5+ Nd7 4. O-O Ngf6 5. Re1 a6 6. Bf1 e6 7. d4 cxd4 8. Nxd4 Ne5 9. c4 Be7 10. Nc3 Qc7 11. Qc2 $14 Bd7 12. b3 Rc8 13. Bb2 O-O 14. Rac1 Rfd8 15. h3 Qb8 16. Qe2 Nc6 17. Nf3 Ne5 18. Nd4 1/2-1/2

[Event "FIDE World School-ch O-15 2025"]
[Site "Vrnjacka Banja"]
[Date "2025.03.22"]
[Round "3.5"]
[White "Dandeniya, D D L N"]
[Black "Dascalescu, Adelin-Stefan"]
[Result "1-0"]
[Annotator "NA RC"]
[ECO "A80"]
[WhiteElo "1881"]
[BlackElo "2061"]
[PlyCount "87"]
[EventDate "2025.03.19"]
[EventType "swiss"]
[EventCountry "SRB"]
[SourceTitle "playchess.com"]
[Source "ChessBase"]
[SourceQuality "1"]
[TimeControl "5400+30"]

1. d4 f5 2. Nc3 Nf6 3. Bg5 g6 4. e3 d5 5. Nf3 Bg7 6. h4 {[%emt 0:00:44] A80: Dutch Defence: Unusual White second moves.} h6 7. Bf4 Be6 8. Ne5 Bf7 9. Bd3 Nh5 10. Bh2 Bxe5 11. Bxe5 Nf6 12. Bxf6 exf6 13. h5 gxh5 14. Bxf5 Nc6 15. Qf3 Ne7 16. Bh3 Qd6 17. O-O-O Bg6 18. e4 Rf8 19. exd5 f5 $18 20. Rhe1 O-O-O 21. Re6 Qd7 22. Rde1 Rde8 23. R1e5 Kd8 24. g3 Bf7 25. Rxh6 Bg6 26. Qf4 Rf6 27. Qg5 Ref8 28. Ne2 Kc8 29. Nf4 Qd6 30. Nxg6 Nxg6 31. Bxf5+ Rxf5 32. Rxf5 Rg8 33. Rf6 Qe7 34. Qf5+ Kb8 35. Qe6 Qd8 36. Rhxg6 Re8 37. Qf5 a6 38. Re6 Rf8 39. Rgf6 Rh8 40. Qe5 Ka7 41. d6 c6 42. Qc5+ Ka8 43. Re7 h4 44. Rxb7 1-0

[Event "FIDE World School-ch O-15 2025"]
[Site "Vrnjacka Banja"]
[Date "2025.03.22"]
[Round "3.6"]
[White "Tulendinov, Dinmukhammed"]
[Black "Kim, Yejun"]
[Result "0-1"]
[Annotator "TA"]
[ECO "B23"]
[WhiteElo "2173"]
[BlackElo "1798"]
[PlyCount "64"]
[EventDate "2025.03.19"]
[EventType "swiss"]
[EventCountry "SRB"]
[SourceTitle "playchess.com"]
[Source "ChessBase"]
[SourceQuality "1"]
[TimeControl "5400+30"]

1. e4 c5 2. g3 Nc6 3. Bg2 Nf6 4. Ne2 d5 5. exd5 Nxd5 6. Nbc3 Nxc3 7. bxc3 {[%emt 0:00:00] 7.Nxc3 is vanishing.} e5 {[%emt 0:01:15] B23: Closed Sicilian: Lines without g3.} 8. c4 ({White should try} 8. Rb1) 8... Be6 9. d3 Be7 $146 {[%emt 0:00:33] The position is equal.} (9... Qd7 10. h3 Bd6 11. Be3 O-O 12. Rb1 f5 13. f4 b6 14. O-O Rae8 15. Kh2 Nd4 16. fxe5 Nxe2 17. Qxe2 Bxe5 {0-1 Vlaovic,D (2300)-Nickoloff,B (2380) CAN-op Winnipeg 1994 (9)}) 10. O-O O-O 11. Nc3 Qd7 12. Bb2 Bg4 13. Qd2 Nd4 14. f3 Be6 15. Rae1 (15. Qf2 $11) 15... f5 (15... Bxc4 $15 16. f4 f6) 16. f4 (16. Rxe5 Bf6 17. Ree1 (17. Rxc5 Qe7 $17) 17... Bxc4 $15) (16. Nd5 $5) 16... e4 17. Kh1 Rad8 18. Qf2 Bf6 19. Rd1 {[%emt 0:00:00] [#]} e3 $1 20. Qxe3 Nxc2 21. Qe2 Nb4 22. a3 (22. Na4 $1 $11 b6 (22... Nxd3 $2 23. Nxc5 Nxc5 24. Rxd7 $18) 23. a3) 22... Nxd3 $17 23. Nd5 {[%emt 0:00:00] Bxf6 would now be deadly.} Bxb2 (23... Nxb2 $2 {perishes.} 24. Nxf6+ Rxf6 25. Rxd7 Rxd7 26. Bd5 (26. Qxb2 Bxc4 27. Qe5 Rd8 $18) 26... Rxd5 27. cxd5 Bxd5+ 28. Kg1 $18) 24. Rxd3 Bd4 $36 {[%emt 0:00:05][%mdl 2048] Keeping White busy.} 25. Rb1 b6 26. a4 Rfe8 {[%emt 0:00:13][%cal Re6d5] and ...Bxd5! should not be overlooked} 27. Qa2 Bf7 {[%emt 0:00:34] This pair of bishops is nice.} 28. Bf3 {[%emt 0:02:53] [#] Prevents Bh5.} Re4 $1 29. Rbd1 (29. Bxe4 fxe4) 29... Qe6 30. Bxe4 $4 (30. h4 $17) 30... Qxe4+ $19 {[%emt 0:00:04] Black is clearly winning.} ({Less strong is} 30... fxe4 31. Rxd4 cxd4 32. Rxd4 $17) 31. Qg2 {[%emt 0:00:05] [#]} Rxd5 $1 32. cxd5 Bxd5 {[%emt 0:00:06] Weighted Error Value: White=0.40/Black=0.11 (very precise)   Loses game:     	White=1     	---        Mistake:       	White=3     	Black=1      Inaccurate:     	White=2     	---        OK:         	White=9     	Black=8      Best:        	White=1     	Black=2} 0-1

[Event "FIDE World School-ch O-15 2025"]
[Site "Vrnjacka Banja"]
[Date "2025.03.22"]
[Round "3.7"]
[White "Cirkovic, Vuk"]
[Black "Panic, Viktor"]
[Result "1/2-1/2"]
[Annotator "NA RC"]
[ECO "B26"]
[WhiteElo "1981"]
[BlackElo "1945"]
[PlyCount "38"]
[EventDate "2025.03.19"]
[EventType "swiss"]
[EventCountry "SRB"]
[SourceTitle "playchess.com"]
[Source "ChessBase"]
[SourceQuality "1"]
[TimeControl "5400+30"]

1. e4 c5 2. Nc3 Nc6 3. g3 g6 4. Bg2 Bg7 5. d3 e6 6. Be3 d6 7. Nge2 Rb8 8. O-O Nge7 9. d4 cxd4 10. Nxd4 a6 11. f4 O-O 12. a4 $11 Qc7 13. Nb3 b6 14. Qd2 Rd8 15. Nd1 Bb7 16. c3 a5 17. Nd4 Ba6 18. Re1 d5 19. e5 Nxd4 1/2-1/2

[Event "FIDE World School-ch O-15 2025"]
[Site "Vrnjacka Banja"]
[Date "2025.03.22"]
[Round "3.8"]
[White "Hettigoda, Dhanodya Budmina"]
[Black "Kutanjac, Aleksandar"]
[Result "1/2-1/2"]
[Annotator "NA RC"]
[ECO "C10"]
[WhiteElo "1837"]
[BlackElo "2103"]
[PlyCount "52"]
[EventDate "2025.03.19"]
[EventType "swiss"]
[EventCountry "SRB"]
[SourceTitle "playchess.com"]
[Source "ChessBase"]
[SourceQuality "1"]
[TimeControl "5400+30"]

1. e4 e6 2. d4 d5 3. Nc3 dxe4 4. Nxe4 Nd7 5. Nf3 Ngf6 6. Nxf6+ Nxf6 7. c3 Be7 8. Bb5+ Bd7 9. Qe2 O-O 10. O-O Bxb5 11. Qxb5 Qd5 12. Qe2 Rfd8 13. Bf4 Rac8 14. Ne5 c5 $11 15. Rfd1 Qe4 16. Qxe4 Nxe4 17. Be3 f6 18. Nd3 cxd4 19. Bxd4 b6 20. Re1 Nc5 21. Bxc5 Bxc5 22. Nxc5 Rxc5 23. Rxe6 Rd2 24. Re8+ Kf7 25. Rae1 Rxb2 26. R8e7+ Kg6 1/2-1/2